 Dungeon Crawl Stone Soup version 0.28-a0-1493-g08698888e4 (webtiles) character file.

Game seed: 1085019865020102305

2312 fragbeetle the Cudgeller (level 9, 0/88 HPs)
             Began as a Troll Berserker on Jan 12, 2022.
             Was a Priest of Trog.
             Succumbed to an orc wizard's poison
             ... on level 7 of the Dungeon.
             The game lasted 00:17:44 (5068 turns).

fragbeetle the Cudgeller (Troll Berserker)          Turns: 5068, Time: 00:17:45

Health: 0/88       AC:  4    Str: 27    XL:     9   Next: 18%
Magic:  8/8        EV: 15    Int:  5    God:    Trog [***...]
Gold:   391        SH:  0    Dex: 11    Spells: 8/8 levels left

rFire   . . .      SeeInvis .   G - +2 flail (vorpal)
rCold   . . .      Faith    .   (no shield)
rNeg    . . .      Spirit   .   b - +0 animal skin
rPois   .          Reflect  .   (helmet restricted)
rElec   .          Harm     .   (no cloak)
rCorr   .          Rampage  .   (gloves unavailable)
Will    .....                   (boots unavailable)
Stlth   +.........              (no amulet)
HPRegen 1.04/turn               m - +4 ring of evasion
MPRegen 0.11/turn               (no ring)

@: mighty, lethally poisoned (0 -> -7), studying Invocations
A: large, unfitting armour, claws 3, regeneration 1, shaggy fur 1, tough skin 1
a: Renounce Religion, Berserk, Trog's Hand


You were on level 7 of the Dungeon.
You worshipped Trog.
Trog was most pleased with you.
You visited 1 branch of the dungeon, and saw 7 of its levels.
You also visited: Sewer.

You collected 391 gold pieces.

Inventory:

Hand Weapons
 z - a +0 giant spiked club
 E - a +0 giant club
 G - a +2 vorpal flail (weapon)
Missiles
 h - 14 poisoned darts
 C - 2 javelins (quivered)
 D - 5 curare-tipped darts
Armour
 b - a +0 animal skin (worn)
Jewellery
 f - a ring of fire
 m - a +4 ring of evasion (left claw)
Wands
 B - a wand of digging (4)
Scrolls
 a - a scroll of vulnerability {unknown}
 c - a scroll of amnesia {unknown}
 d - a scroll of teleportation {unknown}
 e - 6 scrolls of fog
 g - 2 scrolls of torment {unknown}
 j - a scroll of enchant weapon {unknown}
 k - 2 scrolls of noise {unknown}
 q - a scroll of blinking {unknown}
 r - 4 scrolls of magic mapping {unknown}
 t - a scroll of fear {unknown}
 w - 2 scrolls of immolation {unknown}
 y - 3 scrolls of enchant armour {unknown}
 A - a scroll of silence {unknown}
 H - a scroll of summoning {unknown}
Potions
 i - 2 potions of berserk rage
 l - 3 potions of attraction
 n - 2 potions of might
 o - 2 potions of cancellation {unknown}
 p - a potion of haste {unknown}
 s - a potion of brilliance {unknown}
 u - 2 potions of curing {unknown}
 v - 2 potions of flight
 x - a potion of mutation {unknown}
 F - a potion of lignification {unknown}
 I - a potion of heal wounds {unknown}


   Skills:
 + Level 5.2 Fighting
 * Level 7.7 Maces & Flails
 + Level 4.6 Throwing
 + Level 5.1 Dodging


You had 8 spell levels left.
You didn't know any spells.
Your spell library was empty.

Dungeon Overview and Level Annotations

Branches:
Dungeon (7/15)              Sewer (visited)
 Temple: D:4-7

Altars:
Cheibriados
Makhleb
Uskayaw

Annotations:
D:4 3 runed translucent doors, MadeInAbyssDelver's ghost, amateur HuDe; Nato's ghost, amateur DrIE; leviel's ghost, weakling HOFi


Innate Abilities, Weirdness & Mutations

You are too large for most types of armour.
You have claws for hands.
Your natural rate of healing is unusually fast.
You are covered in fur. (AC +1)
You have tough skin. (AC +1)


Message History

* * * LOW HITPOINT WARNING * * *
The orc barely misses you.
You are too confused!
You feel sick.
You hear some strange, mumbled words.
Something tries to affect you, but you resist.
You hit the orc priest.
The orc priest is moderately wounded.
You feel sick.
You are too confused!
You barely miss something.
You feel sick. The orc closely misses you.
You sock the orc priest!
You kill the orc priest!
Trog accepts your kill.
You feel sick. The orc closely misses you.
Something hits you but does no damage. The orc misses you.
You're too confused to move!
You feel sick. Something barely misses you. The ice beast closely misses you.
The orc completely misses you.
You feel less confused.
You feel sick.
You are no longer poisoned.
You closely miss something. Something hits you.
* * * LOW HITPOINT WARNING * * *
You are poisoned.
You closely miss something.
You hear the hiss of a very distant avalanche of sand.
You feel very sick. Something hits you.
* * * LOW HITPOINT WARNING * * *
You are more poisoned.
The orc barely misses you.
You feel very mighty all of a sudden.
* * * LOW HITPOINT WARNING * * *
You feel very sick. Something hits you.
* * * LOW HITPOINT WARNING * * *
The orc hits you from afar with a +0 trident.
* * * LOW HITPOINT WARNING * * *
You hit something.
You die...

## ### ### #.# #..
..# ## #.#.# #.#
.#######.### #.#
...........# #.#
.#######.#.########.#
.# #.#......@{Y.#
.#######.#########o.#
.........# #.)#
.######### #..# .##
#..# ..####### #..#
......(.. #.)#
...#####. ....>..).#
.....# ...........


You could see an ice beast and an orc.

Vanquished Creatures
  3 sky beasts
  An ice beast (D:6)
  A black bear (D:6)
  2 ogres
  A necrophage (D:5)
  A centaur (D:5)
  3 phantoms
  A kobold brigand (D:7)
  A bullfrog (D:7)
  A wyvern zombie (D:6)
  4 scorpions
  A howler monkey (D:6)
  A bullfrog zombie (D:5)
  3 orc priests
  A centaur skeleton (D:7)
  A hound (D:5)
  3 jellies
  A gnoll shaman (D:6)
  A bullfrog skeleton (D:4)
  3 iguanas
  Terence (D:2)
  2 orc wizards
  A scorpion zombie (D:5)
  17 adders
  2 river rats (Sewer)
  A shadow imp (D:5)
  2 white imps
  2 ufetubi
  2 worms
  2 dart slugs
  15 orcs
  10 ball pythons
  4 bats
  10 endoplasms
  4 goblins
  7 hobgoblins
  3 quokkas
  4 frilled lizards
  18 kobolds
  5 rats
146 creatures vanquished.

Notes
Turn   | Place    | Note
-------+----------+-------------------------------------------
     0 | D:1      | fragbeetle the Troll Berserker began the quest for the Orb.
     0 | D:1      | Reached XP level 1. HP: 22/22 MP: 0/0
   125 | D:1      | You fall into a shaft and drop 1 floor!
   125 | D:2      | Noticed Terence
   198 | D:2      | Killed Terence
   199 | D:2      | Reached skill level 3 in Maces & Flails
   199 | D:2      | Reached XP level 2. HP: 27/29 MP: 1/1
   199 | D:2      | Reached XP level 3. HP: 34/36 MP: 2/2
   953 | D:3      | Found a hide-covered altar of Uskayaw.
  1068 | D:3      | Reached XP level 4. HP: 42/45 MP: 3/3
  1070 | D:3      | Reached ** piety under Trog
  1152 | D:3      | Reached skill level 1 in Throwing
  1583 | D:3      | Found a faded altar of an unknown god.
  1661 | D:3      | Reached XP level 5. HP: 53/53 MP: 4/4
  1921 | D:4      | Reached skill level 4 in Maces & Flails
  1950 | D:4      | Found a runed translucent gate.
  1951 | D:4      | Found a runed translucent gate.
  1952 | D:4      | Found a runed translucent gate.
  1953 | D:4      | Noticed leviel's ghost (weakling HOFi)
  1953 | D:4      | Noticed MadeInAbyssDelver's ghost (amateur HuDe)
  1953 | D:4      | Noticed Nato's ghost (amateur DrIE)
  1971 | D:4      | Found a glowing drain.
  2008 | Sewer    | Entered a sewer
  2524 | D:4      | Noticed a phantom
  2554 | D:4      | Killed a phantom
  2555 | D:4      | Reached XP level 6. HP: 61/61 MP: 5/5
  2927 | D:4      | Reached skill level 5 in Maces & Flails
  2931 | D:4      | Reached XP level 7. HP: 29/68 MP: 6/6
  3246 | D:5      | Entered Level 5 of the Dungeon
  3709 | D:5      | Reached skill level 6 in Maces & Flails
  3746 | D:5      | Reached *** piety under Trog
  3765 | D:5      | Reached XP level 8. HP: 57/78 MP: 7/7
  4509 | D:6      | Found a snail-covered altar of Cheibriados.
  4509 | D:6      | Found a burning altar of Makhleb.
  4724 | D:6      | Reached skill level 7 in Maces & Flails
  4884 | D:7      | Reached skill level 5 in Fighting
  4930 | D:7      | Reached skill level 5 in Dodging
  4930 | D:7      | Reached XP level 9. HP: 81/88 MP: 8/8
  5067 | D:7      | HP: 3/88 [orc (3)]
  5068 | D:7      | Succumbed to an orc wizard's poison

Illustrated notes

Levels and vault maps discovered:
D:1:      minmay_arrival_stair_chambers, layout_rooms, minmay_tromino_mix6
D:2:      layout_basic, uniq_terence
D:3:      layout_basic, mainiacjoe_overflow_tiny_flanked,
          shapermc_ecumenical_altar_totnotflames
D:4:      layout_basic, gammafunk_ghost_cemetery, cheibrodos_sewer_entry_sluice,
          chequers_avenue, kennysheep_diamond
D:5:      minmay_inner_zag, layout_basic
D:6:      layout_gridville, jmf_multi_god_temple
D:7:      minmay_the_grid_plus_closed [minmay_the_grid_stretched_grid,
          minmay_the_grid_broken_lines, minmay_the_grid_dragon_a,
          minmay_the_grid_embedded, minmay_the_grid_prize_shrinking_boxes],
          layout_loops_ring, minmay_temple_entry_statues_fountains,
          enter_ossuary_2

Skill      XL: |  1  2  3  4  5  6  7  8 |
---------------+-------------------------+-----
Maces & Flails | 3 4 5 6 7 |  7.7
Fighting       | 3 4 5 |  5.2
Dodging        | 3 4 5 |  5.1
Throwing       | 1 2 3 4 |  4.6

Action                   |  1- 3 |  4- 6 |  7- 9 || total
-------------------------+-------+-------+-------++-------
Melee: Mace              |    79 |   205 |   203 ||   487
       Punch             |     2 |     1 |     3 ||     6
       Flail             |       |       |   108 ||   108
Throw: Dart              |       |     1 |       ||     1
       Javelin           |       |       |     2 ||     2
Invok: Berserk           |     1 |    13 |     3 ||    17
  Use: Scroll            |       |     3 |     3 ||     6
       Potion            |       |     2 |     1 ||     3
 Stab: Distracted        |     1 |       |       ||     1
Armor: Animal skin       |    26 |    61 |    80 ||   167
Dodge: Dodged            |    45 |   100 |   166 ||   311

Table legend: (Time is in decaauts)
 A = Elapsed time spent in this place.
 B = Non-inter-level travel time spent in this place.
 C = Inter-level travel time spent in this place.
 D = Time resting spent in this place.
 E = Time spent auto-exploring this place.
 F = Levels seen in this place.
 G = Mean time per level.
                   A        B        C        D        E       F      G
               +--------+--------+--------+--------+--------+-----+--------+
         Total |   5369 |   5220 |    149 |    588 |   2321 |   8 |  671.1 |
       Dungeon |   4763 |   4614 |    149 |    425 |   2321 |   7 |  680.4 |
         Sewer |    605 |    605 |      0 |    162 |      0 |   1 |  605.0 |
               +--------+--------+--------+--------+--------+-----+--------+

Top non-repeatable levels by time:
     D:3: 984 daAuts
     D:5: 941 daAuts
     D:4: 918 daAuts
     D:6: 736 daAuts
   Sewer: 605 daAuts
     D:2: 568 daAuts
     D:1: 410 daAuts
     D:7: 203 daAuts
